 Dungeon Crawl Stone Soup version 0.19.5 (webtiles) character file.

2475 empire the Charlatan (level 9, -7/79 HPs)
             Began as a White Draconian Monk on Mar 7, 2017.
             Mangled by a yak (9 damage)
             ... on level 7 of the Dungeon.
             The game lasted 00:11:14 (8000 turns).

empire the Charlatan (White Draconian Monk)         Turns: 8000, Time: 00:11:14

Health: -7/79      AC:  7    Str: 19    XL:     9   Next: 27%
Magic:  14/14      EV: 16    Int: 10    God:
Gold:   276        SH:  0    Dex: 15    Spells: 0 memorised, 8 levels left

rFire  . . .     SeeInvis .     b - +4 scimitar
rCold  + . .     Gourm    .     (armour unavailable)
rNeg   . . .     Faith    .     (no shield)
rPois  .         Spirit   .     (helmet restricted)
rElec  .         Reflect  .     (no cloak)
rCorr  .         Harm     .     (no gloves)
MR     .....                    (no boots)
Stlth  ++........               (no amulet)
                                r - -2 ring of dexterity (curse)
                                n - ring of flight

@: mighty
A: breathe frost, unfitting armour, cold resistance 1, cold-blooded, AC +7
a: Breathe Frost, Evoke Flight


You were on level 7 of the Dungeon.
You were not hungry.

You visited 1 branch of the dungeon, and saw 7 of its levels.

You collected 276 gold pieces.

Inventory:

Hand Weapons
 a - a +0 falchion
 b - a +4 scimitar (weapon)
Rods
 f - a +0 lightning rod (10/10)
   (You found it on level 7 of the Dungeon)
Jewellery
 n - a ring of flight (left hand)
 r - a cursed -2 ring of dexterity (right hand)
Wands
 l - a wand of paralysis (22/24)
Scrolls
 j - a scroll of fear
 o - a scroll of enchant armour
 C - a scroll of magic mapping
Potions
 e - a potion of degeneration {unknown}
 g - a potion of mutation
 i - a potion of lignification {unknown}
 k - a potion of might
 m - a potion of magic {unknown}
 p - a potion of haste {unknown}
 q - 2 potions of resistance
 w - a potion of brilliance {unknown}
 A - a potion of cure mutation
Books
 d - a book of Misfortune

   Spells                             Type                      Level
   a - Confusing Touch                Hexes                        1
   b - Confuse                        Hexes                        3
   c - Gell's Gravitas                Hexes/Translocation          3
   d - Petrify                        Transmutation/Earth          4
   e - Metabolic Englaciation         Hexes/Ice                    5
   f - Yara's Violent Unravelling     Hexes/Transmutation          5
Comestibles
 c - 8 chunks of flesh
 x - 5 bread rations
 z - a royal jelly


   Skills:
 + Level 7.1 Fighting
 + Level 6.3 Long Blades
 + Level 6.0 Dodging
 - Level 1.7 Stealth
 * Level 7.5 Evocations


You had 8 spell levels left.
You didn't know any spells.

Dungeon Overview and Level Annotations

Branches:
Dungeon (7/15)
 Temple: D:4-7

Altars:
Cheibriados
Gozag
Hepliaklqana
Okawaru
Vehumet


Innate Abilities, Weirdness & Mutations

You can breathe waves of freezing cold.
You can buffet flying creatures when you breathe cold.
Your icy white scales are hard. (AC +7)
You cannot fit into any form of body armour.
Your flesh is cold resistant. (rC+)
You are cold-blooded and may be slowed by cold attacks.


Message History

You hit the hog.
The hog is severely wounded.
You have got your breath back.
The hog bites you.
* * * LOW HITPOINT WARNING * * *
The human barely misses you.
You feel better. The hog bites you.
* * * LOW HITPOINT WARNING * * *
The human hits you with a hand axe.
* * * LOW HITPOINT WARNING * * *
The hog barely misses you.
You riposte.
You hit the hog.
You kill the hog!
Your Dodging skill increases to level 6!
You feel very mighty all of a sudden. The human hits you with a hand axe!
* * * LOW HITPOINT WARNING * * *
You slash the human!
The human is heavily wounded.
The yak gores you!
You die...

((#..
#....###..#####.....##.
###.. #.##.......##
#####..#.
.....######.####..##..##
##... #.......##..#
##..##>.#########.
####..#.....##
##..##......## #.
##..###...######.#######..#
#. ##..##.#.....##.#
##.###. ##.##.##.....#.#
#..... #.##.###[#@#####
#..### #.##.# ###Yp#..#
##...# ##.##.#####h.#..#
#.#.# #.........#..'..#
#..#.. #.........#%.#..#
...#### #.........#%%#..#
.### # #.........####### #
# #..........# #
#..........# #


You could see a yak, a hog and a human.

Vanquished Creatures
  The ghost of Squonk the Insei, a novice DsTm of Cheibriados (D:6)
  Grinder (D:5)
  A hippogriff (D:7)
  2 hogs (D:7)
  A hungry ghost (D:7)
  2 orc warriors (D:6)
  A necrophage (D:5)
  An ogre (D:6)
  A centaur (D:6)
  2 bullfrogs (D:7)
  A wight (D:6)
  A howler monkey (D:5)
  2 crimson imps
  A hound (D:5)
  2 jellies
  2 orc priests (D:4)
  5 orc wizards
  A worker ant (D:4)
  A hound skeleton (D:4)
  4 gnolls (D:4)
  12 adders
  3 shadow imps
  An ooze (D:4)
  3 adder skeletons
  A worm (D:5)
  3 dart slugs
  4 leopard geckos
  15 orcs
  A giant cockroach (D:2)
  7 goblins
  8 hobgoblins
  7 jackals
  2 quokkas
  A ball python (D:1)
  6 bats
  5 frilled lizards
  6 kobolds
  7 rats
125 creatures vanquished.

Notes
Turn   | Place    | Note
-------+----------+-------------------------------------------
     0 | D:1      | empire the Draconian Monk began the quest for the Orb.
     0 | D:1      | Reached XP level 1. HP: 19/19 MP: 1/1
   521 | D:1      | Reached XP level 2. HP: 18/26 MP: 2/2
  1109 | D:2      | Reached XP level 3. HP: 19/33 MP: 3/3
  1637 | D:2      | Reached XP level 4. HP: 40/40 MP: 4/4
  2528 | D:3      | Reached skill level 1 in Evocations
  2532 | D:3      | Reached XP level 5. HP: 37/47 MP: 5/5
  3603 | D:4      | Reached XP level 6. HP: 20/53 MP: 6/8
  3872 | D:4      | Found an iron altar of Okawaru.
  4047 | D:4      | Found an opulent altar of Gozag.
  4049 | D:4      | Found a hazy altar of Hepliaklqana.
  4052 | D:4      | Found a snail-covered altar of Cheibriados.
  4839 | D:5      | Entered Level 5 of the Dungeon
  4933 | D:5      | Reached skill level 5 in Fighting
  5313 | D:5      | Noticed Grinder
  5332 | D:5      | Killed Grinder
  5332 | D:5      | Your scales start taking on an icy white colour.
  5332 | D:5      | Reached XP level 7. HP: 59/61 MP: 8/10
  5332 | D:5      | Gained mutation: Your flesh is cold resistant. (rC+) [White Draconian growth]
  5940 | D:6      | Reached skill level 5 in Evocations
  6028 | D:6      | Noticed Squonk's ghost (novice DsTm)
  6032 | D:6      | Found a radiant altar of Vehumet.
  6045 | D:6      | Killed Squonk's ghost
  6045 | D:6      | Reached skill level 5 in Long Blades
  6045 | D:6      | Reached skill level 5 in Dodging
  6045 | D:6      | Reached XP level 8. HP: 35/70 MP: 10/12
  7155 | D:6      | Gained mutation: You are robust. (+10% HP) [potion of mutation]
  7155 | D:6      | Gained mutation: Your body sometimes deteriorates upon taking damage. [potion of mutation]
  7155 | D:6      | Gained mutation: Your body often deteriorates upon taking damage. [potion of mutation]
  7475 | D:6      | Lost mutation: Your body often deteriorates upon taking damage. [potion of cure mutation]
  7475 | D:6      | Lost mutation: Your body sometimes deteriorates upon taking damage. [potion of cure mutation]
  7475 | D:6      | Lost mutation: You are robust. (+10% HP) [potion of cure mutation]
  7715 | D:7      | Noticed a hand axe
  7773 | D:7      | Noticed a hand axe
  7780 | D:7      | Reached XP level 9. HP: 72/78 MP: 14/14
  7999 | D:7      | HP: 2/79 [human/hand axe (7)]
  8000 | D:7      | Mangled by a yak

Skill      XL: |  1  2  3  4  5  6  7  8  9 |
---------------+----------------------------+-----
Dodging        | 3 4 5 6 |  6.0
Fighting       | 4 5 6 7 |  7.1
Evocations     | 1 2 4 5 6 7 |  7.5
Long Blades    | 4 5 6 |  6.3
Stealth        | |  1.7

Action                   |  1- 3 |  4- 6 |  7- 9 || total
-------------------------+-------+-------+-------++-------
Melee: Falchion          |    98 |   261 |    76 ||   435
       Tailslap          |    13 |    47 |    33 ||    93
       Scimitar          |       |       |    84 ||    84
 Abil: Breathe Frost     |       |       |     5 ||     5
Evoke: Wand              |       |       |     2 ||     2
  Use: Scroll            |       |     6 |    11 ||    17
       Potion            |       |     2 |     7 ||     9
 Stab: Sleeping          |     2 |     6 |       ||     8
       Paralysed         |       |       |     5 ||     5
       Distracted        |       |       |     1 ||     1
  Eat: Chunk             |     2 |     9 |     1 ||    12
       Fruit             |       |     2 |       ||     2
       Beef jerky        |       |       |     1 ||     1
       Meat ration       |       |       |     2 ||     2
       Pizza             |       |       |     1 ||     1
Armor: Skin              |    39 |    75 |    25 ||   139
Dodge: Dodged            |    94 |   202 |   111 ||   407
       Rpst.: Falchion   |    29 |    69 |    19 ||   117
       Scimitar          |       |       |    18 ||    18
